tertium, neutral male human Tourist --------------- |%%$$)).%.....| |%.---------..| |..|.......|.@| --------------- |%%|..@%%..|..| |.............| |.$|%%%@...|..| |..---------"/-- --------- |..|./()%)0|.h| |.)|.......|...-- --.......-- |..|..%....|..| |..|..%.%..|.%.%---.).......--|%.----%----..| |..|..._%..-.....-).%%)%%....||.%.@x.A......| |..|..).%..|....---....%....-----.....H...--- |%%|.......|...-- --.%.....-- -----|----- |..---------..-- ----|---- ......O- |.).....)))...| |.))------- ........ --------------- |...%....%| ........ -------%..-- ....... |....--....... ---...----|--- |........... ------------ tertium the Adventurer Experience level: 30 Strength: 18/93 Dexterity: 23 Constitution: 18 Intelligence: 23 Wisdom: 23 Charisma: 18 Health: 528(528) Energy: 284(284) AC: -37 Gold: 0 Moves: 71603 Your Inventory: Amulets Y - a blessed amulet of life saving (being worn) Weapons a - the blessed rustproof +7 Frost Brand (weapon in hand) b - a blessed +7 silver saber (wielded in other hand) Armor j - a blessed fireproof +5 cloak of magic resistance (being worn) m - a blessed rustproof +5 helm of brilliance (being worn) K - a blessed +5 Hawaiian shirt (being worn) P - a blessed +4 reflecting dragon scale mail (being worn) S - a blessed fireproof +5 pair of gauntlets of dexterity (being worn) T - a blessed fireproof +5 pair of water walking boots of speed (being worn) Comestibles Z - a blessed lizard corpse Rings v - a blessed +6 ring of increase damage (on right hand) w - a blessed ring of levitation J - a blessed ring of slow digestion X - a blessed ring of free action (on left hand) Wands p - a wand of striking (0:3) D - a wand of teleportation (0:6) U - a wand of death (0:2) Tools c - a blessed stethoscope g - a blessed magic whistle h - a blessed bag of holding l - a blessed magic lamp q - a blessed +0 thirsty unicorn horn s - a blessed skeleton key x - the blessed fireproof Platinum Yendorian Express Card z - a blessed towel H - a blessed sack Gems F - a blessed luckstone Contents of the bag of holding: 2000 gold pieces an uncursed amulet of life saving an uncursed amulet of life saving an uncursed amulet of magical breathing the blessed rustproof +3 Sunsword 2 uncursed apples 2 uncursed fortune cookies 7 uncursed lembas wafers 4 uncursed lizard corpses 30 uncursed lumps of royal jelly 15 blessed scrolls of blank paper 8 uncursed scrolls of blank paper 3 uncursed scrolls of charging 2 cursed scrolls of destroy armor a blessed scroll of earth 4 uncursed scrolls of earth a blessed scroll of enchant armor 2 uncursed scrolls of enchant armor 3 blessed scrolls of enchant weapon 3 uncursed scrolls of enchant weapon 7 uncursed scrolls of fire 2 blessed scrolls of flood 8 uncursed scrolls of flood 3 uncursed scrolls of genocide an uncursed scroll of gold detection 14 blessed scrolls of identify 12 uncursed scrolls of magic mapping 9 blessed scrolls of remove curse 2 uncursed scrolls of remove curse 3 uncursed scrolls of scare monster 2 uncursed scrolls of stinking cloud 13 cursed scrolls of teleportation 3 blessed potions of full healing 11 potions of holy water 6 uncursed potions of paralysis 4 blessed potions of restore ability a potion of unholy water 5 uncursed potions of water an uncursed ring of conflict an uncursed ring of conflict an uncursed ring of free action an uncursed ring of levitation an uncursed ring of protection from shape changers an uncursed ring of regeneration an uncursed ring of regeneration an uncursed ring of slow digestion a blessed ring of teleport control a wand of cold (0:5) a wand of cold (0:4) a wand of cold (0:4) a wand of cold (0:3) a wand of death (0:8) a wand of death (1:6) a wand of death (0:4) a wand of death (1:0) a wand of digging (0:8) a wand of digging (0:8) a wand of digging (0:8) a wand of enlightenment (0:11) a wand of fire (0:8) a wand of fire (0:7) a wand of fire (0:7) a wand of fire (0:3) a wand of locking (0:8) a wand of opening (0:4) a wand of polymorph (0:7) a wand of polymorph (0:6) a wand of probing (0:7) a wand of probing (0:7) a wand of probing (0:5) a wand of secret door detection (0:14) a wand of secret door detection (0:11) a wand of sleep (0:8) a wand of sleep (0:6) a wand of slow monster (0:8) a wand of speed monster (0:5) a wand of striking (0:7) a wand of teleportation (0:8) a wand of teleportation (0:8) a wand of teleportation (0:7) a wand of teleportation (0:6) a wand of teleportation (0:5) a wand of teleportation (0:5) a wand of teleportation (0:5) a wand of teleportation (0:5) a wand of teleportation (0:5) a wand of teleportation (0:5) a wand of teleportation (0:4) a wand of undead turning (0:6) a wand of wishing (1:1) a blessed magic lamp an uncursed magic lamp an uncursed pair of lenses an uncursed skeleton key an uncursed stethoscope an uncursed towel Contents of the sack: a wand of cancellation (0:8) a wand of cancellation (0:6) Spells known in the end: Name Level Category Fail Memory a - turn undead 6* clerical 79% [........] b - polymorph 6* matter 79% [........] c - detect treasure 4 divination 0% [||||||||] d - light 1 divination 0% [||||||||] e - force bolt 1 attack 0% [||||||||] f - protection 1 clerical 0% [||||||||] g - knock 1 matter 0% [||||||||] h - detect food 2 divination 0% [||||||||] i - sleep 1 enchantment 0% [||||||||] j - detect unseen 3 divination 0% [||||||||] k - identify 3 divination 0% [||||||||] l - slow monster 2 enchantment 0% [||||||||] m - detect monsters 1 divination 0% [||||||||] n - wizard lock 2 matter 0% [||||||||] o - drain life 2 attack 0% [||||||||] p - levitation 4 escape 0% [||||||||] q - extra healing 3 healing 0% [||||||..] r - fireball 4 attack 32% [||||||..] s - healing 1 healing 0% [||||||..] t - haste self 3 escape 0% [||||||..] u - magic missile 2 attack 0% [||||||..] v - invisibility 4 escape 0% [||||||..] w - cure sickness 3 healing 0% [||||||..] x - dig 5 matter 59% [||||||..] y - confuse monster 2 enchantment 0% [||||||..] z - cure blindness 2 healing 0% [||||||..] A - charm monster 3 enchantment 0% [||||||..] B - stone to flesh 3 healing 0% [||||||..] C - jumping 1 escape 0% [|||||...] D - remove curse 3 clerical 0% [|||||||.] Your skills at the end: Fighting Skills two weapon combat [Skilled / Skilled] body armor [Basic / Basic] shield [Basic / Basic] Weapon Skills dagger [Skilled / Expert] long sword [Basic / Basic] saber [Skilled / Skilled] dart [Skilled / Expert] Spellcasting Skills divination spells [Basic / Basic] enchantment spells [Basic / Basic] escape spells [Basic / Skilled] Final Attributes: You were piously aligned. Hunger level was 186. Your alignment was 368 / 368. Monster difficulty range was 17 - 57. Level difficulty was 69. You resisted fire. You were immune to cold. You were immune to sleep. You resisted disintegration. You resisted electricity. You were immune to poison. You were magic-protected. You resisted spell damage. You saw invisible. You were telepathic. You had automatic searching. You were invisible to others. You could teleport. You had teleport control. You could walk on water. You had a +6 damage bonus. You were protected. You were very fast. You had reflection. You had free action. Your life would have been saved. You were wielding two weapons at once. You were extremely lucky (13). You had extra luck. Good luck did not time out for you. You survived. Vanquished creatures: Cthulhu (twice) Asmodeus Baalzebub Dispater Geryon Orcus Yeenoghu Juiblex The Wizard of Yendor (7 times) Death (thrice) Famine (twice) Vlad the Impaler 3 arch-liches 5 mastodons 10 vorpal jabberwocks Medusa Croesus 14 krakens The Master of Thieves 3 Archons 12 iron golems 9 master liches 2 ki-rin 22 storm giants 4 titans 3 glass golems 12 balrogs 18 purple worms 8 sirrushes 6 guivres 14 leviathans 10 gold dragons 6 wyverns 15 sarkanies 12 amphiteres 6 lindworms 8 tatzelworms 10 drakens 8 minotaurs 18 jabberwocks 15 baluchitheria 13 Angels 13 demiliches 5 stone golems 9 master mind flayers 17 Olog-hai 8 Nazgul 21 pit fiends 5 sandestins 10 hell hounds 13 titanotheres 5 trappers a baby sarkany a baby lindworm 2 baby drakens a guardian naga 13 disenchanters 62 vampire lords 8 skeletons 26 aligned priests 14 captains 8 shades 16 liches 3 clay golems 5 nurses 19 ice devils 12 nalfeshnees Aphrodite 5 lurkers above an Aleax 6 frost giants 13 ettins 16 black puddings 60 vampires 14 lieutenants a watch captain 71 ghosts a caveman a monk a rogue 3 queen bees 9 locusts 12 winged gargoyles 8 mind flayers 16 giant mimics 6 zruties 11 fire giants 10 ogre kings 9 ice trolls 19 rock trolls 7 umber hulks 3 flesh golems 4 Elvenkings 6 doppelgangers 14 hezrous 35 bone devils 8 large mimics 2 wumpuses 8 fire vortices a baby long worm a baby purple worm 7 long worms 4 couatls 10 stalkers 4 air elementals 6 fire elementals 9 earth elementals 3 water elementals 20 hill giants 6 giant mummies 7 black nagas 9 xorns 37 giant zombies 17 elf-lords 37 sergeants 14 barbed devils 34 vrocks 2 salamanders 17 wargs 4 winter wolves 7 hell hound pups 19 small mimics a glass piercer 6 rodents of unusual size 2 warhorses 6 steam vortices 13 xans 4 ettin mummies 9 ogre lords 12 quantum mechanics 42 trolls 3 sasquatches 5 wood golems 3 erinyes 14 mariliths 13 sharks 8 electric eels a giant turtle 9 gelatinous cubes 3 pyrolisks 5 large dogs 7 freezing spheres 5 flaming spheres 15 shocking spheres 12 tigers 5 gargoyles 3 dwarf kings 29 tengu 9 ochre jellies 11 leocrottas an energy vortex 11 mountain centaurs 9 stone giants 6 elf mummies 5 human mummies 6 red nagas 5 green slimes 7 pit vipers 8 pythons 6 cobras 95 wraiths 7 carnivorous apes 36 ettin zombies a leather golem 14 Grey-elves 120 soldiers 5 watchmen 38 horned devils 14 succubi 15 incubi 11 chameleons 3 crocodiles 22 giant beetles 8 quivering blobs 16 cockatrices 9 wolves 4 winter wolf cubs 8 lynxes 3 panthers 14 gremlins 3 spotted jellies 10 leprechauns 3 orc-captains 3 iron piercers 5 mumakil 123 giant spiders 10 scorpions 5 horses an ice vortex 13 black lights 7 vampire bats 49 forest centaurs 10 gnome kings 4 orc mummies 6 dwarf mummies 11 ogres 15 brown puddings 7 rust monsters 20 owlbears 7 yetis 3 gold golems 7 werewolves 9 Green-elves 3 piranhas 20 giant eels 17 lizards 10 guides 10 chickatrices 5 dogs 5 dingos 2 housecats 8 jaguars 4 dwarf lords 7 blue jellies 6 white unicorns 3 black unicorns 2 dust vortices 16 ravens 12 plains centaurs a Kop Kaptain 4 gnome mummies 16 snakes a water moccasin 6 apes 54 human zombies a rope golem 15 Woodland-elves 36 soldier ants 13 fire ants 16 snow ants 49 bugbears 9 imps 92 lemures 16 quasits 10 wood nymphs 15 water nymphs 21 mountain nymphs 24 Mordor orcs 23 Uruk-hai 10 orc shamans 8 rock piercers 11 enormous rats 6 rock moles a pony 7 fog clouds 15 yellow lights a shrieker 11 violet fungi 22 gnome lords 18 gnomish wizards 3 Kop Lieutenants 3 kobold mummies 2 black naga hatchlings 6 gray oozes 4 barrow wights 36 elf zombies 22 ghouls 3 straw golems 4 paper golems 5 wax golems 4 jellyfish a baby crocodile 23 giant ants a little dog 16 floating eyes a kitten 26 dwarves 17 homunculi 3 kobold lords 9 kobold shamans 17 hill orcs 27 rothes 5 rabid rats 8 centipedes 6 giant bats 5 monkeys 50 orc zombies 32 dwarf zombies a wererat 6 werejackals 4 muggers 17 iguanas 93 killer bees 7 acid blobs 4 coyotes 5 gas spores 15 hobbits 9 manes 7 large kobolds 29 hobgoblins 19 giant rats 23 cave spiders 4 brown molds 6 yellow molds 6 green molds 4 red molds 81 gnomes 8 Keystone Kops 37 garter snakes 33 gnome zombies 14 geckos 19 jackals 6 foxes 2 kobolds 12 goblins 18 sewer rats 14 grid bugs 7 bats 9 lichens 30 kobold zombies 12 newts 3899 creatures vanquished. Genocided or extinct species: giant spiders (extinct) Nazgul (extinct) soldiers (extinct) erinyes (extinct) 4 species extinct. Voluntary challenges: You used a wielded weapon 5955 times. You read items or engraved 188 times. You put on armor 343 times. You never genocided any monsters. You polymorphed 3 items. You never changed form. You used 2 wishes. You used 2 wishes for magical items. You did not wish for any artifacts. You abstained from Elbereth's help. You encountered 1 bones level. You used 1 Sokoban shortcut. Dungeon overview: The Dungeons of Doom: levels 1 to 25 Level 1 stairs to The Elemental Planes Level 2 a potion shop, a fountain, a sink Level 3 some fountains stairs to The Gnomish Mines Level 4 a sink Level 5 many fountains Level 6 a potion shop, a fountain stairs to Sokoban Level 7 stairs to Town Level 8 a general store, a fountain, a sink Level 9 a fountain Level 10 a fountain Level 11 some fountains, many trees portal to The Quest Level 12 an altar to The Lady Level 14 portal to Fort Ludios Level 15 a general store, an altar to The Lady, a fountain Level 17 a fountain, a throne Level 18 a fountain Level 19 some fountains, a sink, a throne Level 20 a weapon shop, a sink Level 21 an altar to The Lady Level 22 some fountains, many trees Level 24 portal to One-eyed Sam's Market Level 25 a magic chest, a fountain, a throne, many trees Gehennom: levels 26 to 54 Level 26 a temple, a magic chest stairs to The Dungeons of Doom Level 31 many fountains, a throne Level 32 a fountain Level 34 a throne Level 37 stairs to Vlad's Tower Level 38 a lighting shop, some altars to The Lady, a magic chest, a fountain, a throne Level 40 a throne Level 44 portal to Gehennom Level 46 many trees Level 48 portal to Gehennom Level 50 a magic chest Level 54 a temple The Gnomish Mines: levels 4 to 11 Level 4 stairs to The Dungeons of Doom Level 6 many shops, a temple to The Lady, a magic chest, a sink The Quest: levels 1 to 6 Level 1 a magic chest, a throne portal to The Dungeons of Doom Level 3 some shops Level 6 some shops Sokoban: levels 3 to 5 Level 5 a magic chest stairs to The Dungeons of Doom Town: levels 4 to 6 Level 4 many shops, some fountains, a sink Level 5 many fountains, many trees Level 6 stairs to The Dungeons of Doom Fort Ludios: Level 1 a magic chest portal to The Dungeons of Doom One-eyed Sam's Market: Level 1 portal to The Dungeons of Doom Vlad's Tower: levels 33 to 36 Level 36 many trees stairs to Gehennom The Elemental Planes: Astral Plane <- You were here some temples Plane of Air portal to The Elemental Planes Plane of Earth portal to The Elemental Planes Plane of Fire portal to The Elemental Planes Plane of Water portal to The Elemental Planes History has recorded: On T:1 you entered the Dungeons of Doom to retrieve the Amulet of Yendor! On T:101 you reached level 2 of The Dungeons of Doom. On T:662 you advanced to experience level 2. On T:760 you reached level 3 of The Dungeons of Doom. On T:781 you reached level 1 of The Gnomish Mines. On T:823 you reached level 4 of The Dungeons of Doom. On T:1289 you advanced to experience level 3. On T:1567 you advanced to experience level 4. On T:1745 you advanced to experience level 5. On T:1963 you reached level 2 of The Gnomish Mines. On T:2345 you advanced to experience level 6. On T:3147 you reached level 5 of The Dungeons of Doom. On T:3628 you advanced to experience level 7. On T:3694 you reached level 6 of The Dungeons of Doom. On T:3750 you reached level 7 of The Dungeons of Doom. On T:3966 you reached level 3 of Sokoban. On T:4600 you reached level 2 of Sokoban. On T:5219 you reached level 1 of Sokoban. On T:6353 you advanced to experience level 8. On T:11473 you reached level 3 of The Gnomish Mines. On T:12065 you reached level 4 of The Gnomish Mines. On T:12245 you advanced to experience level 9. On T:12255 you reached level 5 of The Gnomish Mines. On T:13111 you received 8 rustproof thirsty darts from The Lady. On T:13663 you received Ogresmasher from The Lady. On T:14493 you reached level 6 of The Gnomish Mines. On T:15069 you reached level 8 of The Gnomish Mines. On T:15128 you reached level 7 of The Gnomish Mines. On T:15879 you advanced to experience level 10. On T:19449 you received 8 rustproof darts of detonation from The Lady. On T:20436 you reached level 8 of The Dungeons of Doom. On T:20546 you reached level 3 of Town. On T:21475 you reached level 9 of The Dungeons of Doom. On T:21646 you reached level 10 of The Dungeons of Doom. On T:21977 you advanced to experience level 11. On T:22371 you reached level 11 of The Dungeons of Doom. On T:22564 you advanced to experience level 12. On T:22723 you reached level 2 of Town. On T:22788 you reached level 1 of Town. On T:23259 you killed Aphrodite on level 2 of Town. On T:25887 you reached level 12 of The Dungeons of Doom. On T:26729 you reached level 13 of The Dungeons of Doom. On T:27824 you received 9 rustproof darts of fire from The Lady. On T:28257 you reached level 14 of The Dungeons of Doom. On T:29945 you reached level 15 of The Dungeons of Doom. On T:30441 you reached Fort Knox. On T:31770 you advanced to experience level 13. On T:32212 you killed Croesus in Fort Knox. On T:34499 you reached level 1 of The Quest. On T:35123 you embarked upon an epic quest. On T:35129 you reached level 2 of The Quest. On T:35544 you reached level 3 of The Quest. On T:35640 you advanced to experience level 14. On T:37183 you reached level 4 of The Quest. On T:37651 you reached level 5 of The Quest. On T:38146 you reached level 6 of The Quest. On T:39658 you killed Master of Thieves on level 6 of The Quest. On T:40198 you completed the quest! On T:41004 you received Frost Brand from The Lady. On T:41525 you reached level 16 of The Dungeons of Doom. On T:41804 you advanced to experience level 15. On T:42260 you reached level 17 of The Dungeons of Doom. On T:42561 you reached level 18 of The Dungeons of Doom. On T:43202 you reached level 19 of The Dungeons of Doom. On T:43243 you reached level 20 of The Dungeons of Doom. On T:43334 you reached level 21 of The Dungeons of Doom. On T:43722 you reached level 22 of The Dungeons of Doom. On T:45774 you killed Medusa on level 22 of The Dungeons of Doom. On T:46147 you advanced to experience level 16. On T:46637 you reached level 23 of The Dungeons of Doom. On T:46664 you reached level 24 of The Dungeons of Doom. On T:46760 you reached The Castle. On T:49127 you reached level 1 of One-eyed Sam's Market. On T:51099 you advanced to experience level 17. On T:52139 you advanced to experience level 18. On T:52227 you reached level 2 of Gehennom. On T:52480 you reached level 3 of Gehennom. On T:52892 you reached level 4 of Gehennom. On T:53218 you reached level 5 of Gehennom. On T:53539 you reached level 6 of Gehennom. On T:54046 you reached level 7 of Gehennom. On T:54050 you killed Asmodeus on level 7 of Gehennom. On T:54051 you killed Juiblex on level 7 of Gehennom. On T:54727 you reached level 8 of Gehennom. On T:55238 you reached level 9 of Gehennom. On T:55881 you reached level 10 of Gehennom. On T:55884 you killed Baalzebub on level 10 of Gehennom. On T:56136 you reached level 11 of Gehennom. On T:56525 you reached level 12 of Gehennom. On T:56684 you reached level 4 of Vlad's Tower. On T:56830 you advanced to experience level 19. On T:56892 you reached level 13 of Gehennom. On T:57741 you killed Orcus on level 13 of Gehennom. On T:57813 you advanced to experience level 20. On T:58996 you reached level 3 of Vlad's Tower. On T:59262 you reached level 2 of Vlad's Tower. On T:59348 you reached level 1 of Vlad's Tower. On T:59401 you killed Vlad the Impaler on level 1 of Vlad's Tower. On T:59786 you advanced to experience level 21. On T:59787 you advanced to experience level 22. On T:59895 you reached level 14 of Gehennom. On T:60368 you reached level 15 of Gehennom. On T:60371 you killed Yeenoghu on level 15 of Gehennom. On T:61123 you reached level 16 of Gehennom. On T:61134 you killed Dispater on level 16 of Gehennom. On T:61148 you advanced to experience level 23. On T:61396 you advanced to experience level 24. On T:61403 you advanced to experience level 25. On T:61506 you reached level 17 of Gehennom. On T:61797 you reached level 18 of Gehennom. On T:62064 you reached level 19 of Gehennom. On T:62374 you reached level 20 of Gehennom. On T:62739 you reached level 21 of Gehennom. On T:62752 you killed Geryon on level 21 of Gehennom. On T:63073 you reached level 22 of Gehennom. On T:63366 you reached level 23 of Gehennom. On T:63697 you reached level 24 of Gehennom. On T:64092 you reached level 25 of Gehennom. On T:64749 you reached level 26 of Gehennom. On T:64792 you advanced to experience level 26. On T:64910 you advanced to experience level 27. On T:65180 you reached level 27 of Gehennom. On T:65266 you reached level 28 of Gehennom. On T:66140 you advanced to experience level 28. On T:67044 you wished for "+2 blessed fireproof cloak of magic resistance". On T:67051 you wished for "+2 rustproof blessed helm of brilliance". On T:67130 you killed Wizard of Yendor on level 17 of Gehennom. On T:67327 you killed Wizard of Yendor on level 25 of Gehennom. On T:67537 you performed the invocation. On T:67538 you reached level 29 of Gehennom. On T:67608 you advanced to experience level 29. On T:68238 you advanced to experience level 30. On T:68442 you killed Cthulhu on level 29 of Gehennom. On T:68443 you gained the Amulet of Yendor! On T:68489 you killed Cthulhu on level 29 of Gehennom. On T:69862 you killed Wizard of Yendor in The Valley of the Dead. On T:70264 you killed Wizard of Yendor on level 17 of The Dungeons of Doom. On T:70620 you killed Wizard of Yendor on level 3 of Sokoban. On T:70817 you reached the Plane of Water. On T:70822 you killed Wizard of Yendor on the Plane of Water. On T:70893 you reached the Plane of Fire. On T:70934 you reached the Astral Plane. On T:71134 you reached the Plane of Air. On T:71145 you killed Wizard of Yendor on the Plane of Air. On T:71185 you reached the Astral Plane. On T:71212 you killed Death on the Astral Plane. On T:71357 you lost the Amulet of Yendor. On T:71360 you killed Death on the Astral Plane. On T:71361 you gained the Amulet of Yendor! On T:71375 you lost the Amulet of Yendor. On T:71376 you killed Famine on the Astral Plane. On T:71386 you killed Death on the Astral Plane. On T:71388 you killed Famine on the Astral Plane. On T:71390 you gained the Amulet of Yendor! On T:71435 you lost the Amulet of Yendor. On T:71437 you gained the Amulet of Yendor! On T:71603 you lost the Amulet of Yendor. On T:71603 you offered the Amulet of Yendor to The Lady and ascended to the status of Demigod! Latest messages: e - a potion called acid. The rock troll rises from the dead! The ice-cold blade freezes the rock troll! You hit it. The rock troll turns to flee! The ice-cold blade freezes the rock troll! You kill the rock troll! There are many objects here. You sense a faint wave of psychic energy. You produce a strange whistling sound. You offer the Amulet of Yendor to The Lady... An invisible choir sings, and you are bathed in radiance... The voice of The Lady rings out: "Congratulations, mortal!" "In return for thy service, I grant thee the gift of Immortality!" You ascend to the status of Demigod... Final status: Aloha tertium the Demigod... You went to your reward with 271856 points, Frost Brand (worth 3000 zorkmids and 7500 points) Sunsword (worth 1500 zorkmids and 3750 points) The Platinum Yendorian Express Card (worth 7000 zorkmids and 17500 points) 3 amulets of life saving (worth 450 zorkmids), 1 amulet of magical breathing (worth 150 zorkmids), and 2000 pieces of gold, after 71603 moves. You were level 30 with a maximum of 528 hit points when you ascended.